AoeStats
← abov3n

Socotra

504894182Analyzed
4v4 RM · 24d ago on Sep 7, 2026· 15m 31s· 8 players
Game mode
Random Map
Map size
148×148
Population
200
Speed
Normal
Resources
Standard
Victory
Conquest
Starting age
Dark Age
Ending age
Imperial Age
RankedLock teamsTeams togetherTeam positionsShared explorationLock speedFull tech treeHidden civsTurbo modeCheats
Victory
Defeat
🇫🇷 Wei · France
1256
+11
🇪🇬 Saracens · Egypt
1240
+12
🇲🇽 Aztecs · Mexico
1118
+17
🇧🇷 Ethiopians · Brazil
1098
+17
🇧🇷 Japanese · Brazil
1181
-16
🇦🇷 Britons · Argentina
1151
-15
🇨🇱 Ethiopians · Chile
1115
-13
🇺🇾 Mongols · Uruguay
1108
-13
gatuzo
6:50 Loom
9:17 Feudal Age
9:55 Double-Bit Axe
11:27 Fletching
13:40 Horse Collar
mauriigon
11:48 Feudal Age
10:58 Loom
12:48 Double-Bit Axe
CabezoN
1:38 Loom
7:04 Loom
13:04 Feudal Age
Knight_Cassian
2:49 Loom
10:41 Feudal Age
10:44 Man-at-Arms
13:18 Scale Mail Armor
Sniper_Wolf
1:00 Loom
13:17 Feudal Age
Sc100Pitie
6:21 Loom
9:34 Feudal Age
10:07 Double-Bit Axe
12:24 Horse Collar
abov3n
6:20 Loom
14:18 Feudal Age
15:06 Gold Mining
15:02 Double-Bit Axe
15:03 Horse Collar
AHMED AZAB
8:00 Loom
10:36 Feudal Age
11:46 Double-Bit Axe
12:26 Fletching
Connection lost

Rejoining the realm…

Still unreachable

The connection could not be restored.

Session expired

The server has moved on; the page needs a fresh start.